 Dungeon Crawl Stone Soup version 0.31-a0-83-gbff143cfd1 (webtiles) character file.

Game seed: 8703785570459601480

1617527 Flugkiller the Ruinous (level 25, 214/214 HPs)
             Began as a Demigod Conjurer on May 24, 2023.
             Escaped with the Orb
             ... and 3 runes!
             The game lasted 03:10:24 (74690 turns).

Flugkiller the Ruinous (Demigod Conjurer)          Turns: 74690, Time: 03:10:25

Health: 214/214    AC: 19    Str:  6    XL:     25   Next: 29%
Magic:  46/52      EV: 28    Int: 51    God:
Gold:   5025       SH:  0    Dex: 28    Spells: 11/62 levels left

rFire   + + .        p - +3 Elemental Staff {rElec rF+ rC+ AC+3}
rCold   + . .        (no shield)
rNeg    . . .        M - +2 robe {Archmagi}
rPois   .            S - +2 helmet {SInv}
rElec   +            c - +2 cloak {Will+}
rCorr   .            R - +2 pair of gloves
SInv    +            E - +2 pair of boots "Ylewohez" {rC+ Int+3}
Will    +++..        Y - amulet of magic regeneration
Stlth   +            r - +6 ring of intelligence
HPRegen 0.55/turn    m - ring of fire
MPRegen 0.73/turn

%: archmagi
@: studying 2 skills
A: high MP 1, forlorn, divine attributes, agile 2, deformed body, deterioration
1, shaggy fur 1
0: Orb of Zot
}: 3/15 runes: barnacled, slimy, gossamer
a: no special abilities


You escaped.
You visited 10 branches of the dungeon, and saw 51 of its levels.
You also visited: Trove, Ice Cave, Volcano and Wizlab.

You collected 7666 gold pieces.
You spent 2641 gold pieces at shops.

Inventory:

Hand Weapons
 p - the +3 Elemental Staff (weapon) {rElec rF+ rC+ AC+3}
   (You acquired it on level 5 of the Lair of Beasts)

   It enhances your fire, ice, earth and air magic.
   AC:        It affects your AC (+3).
   rF:        It protects you from fire.
   rC:        It protects you from cold.
   rElec:     It insulates you from electricity.
Missiles
 u - 5 curare-tipped darts
 P - 2 throwing nets
Armour
 a - the +4 cloak of the Bard {Harm rC+ Stlth+}
   (You found it in a wizard's laboratory)

   rC:        It protects you from cold.
   Harm:      It increases damage dealt and taken.
   Stlth:     It makes you more stealthy.
 c - a +2 cloak of willpower (worn)
   (You found it in a wizard's laboratory)
 v - a +2 cloak of poison resistance
   (You took it off Nikola on level 1 of the Depths)
 E - the +2 pair of boots "Ylewohez" (worn) {rC+ Int+3}
   (You found it on level 4 of the Spider Nest)

   Int:       It affects your intelligence (+3).
   rC:        It protects you from cold.
 M - a +2 robe of the Archmagi (worn)
   (You took it off Josephine on level 2 of the Orcish Mines)
 Q - the +4 moon troll leather armour {Spirit, Regen++ MP+5}
   (You found it on level 4 of the Lair of Beasts)

   MP:        It affects your magic capacity (+5).
   Regen:     It increases your rate of health regeneration.
 R - a +2 pair of gloves (worn)
   (You found it on level 5 of the Lair of Beasts)
 S - a +2 helmet of see invisible (worn)
   (You found it in an ice cave)
Jewellery
 d - the ring of Jowe {Fly Will+ rCorr}
   (You took it off a deep elf sorcerer on level 3 of the Elven Halls)

   [ring of flight]

   Fly:       It grants you flight.
   rCorr:     It protects you from acid and corrosion.
   Will:      It increases your willpower.
 i - a ring of see invisible
   (You took it off a frost giant on level 4 of the Realm of Zot)
 j - the ring "Agoares" {AC+4 Int+3}
   (You took it off a deep elf annihilator on level 3 of the Depths)

   [ring of protection]

   AC:        It affects your AC (+4).
   Int:       It affects your intelligence (+3).
 m - a ring of fire (right hand)
   (You found it on level 11 of the Dungeon)
 r - a +6 ring of intelligence (left hand)
   (You found it on level 2 of the Elven Halls)
 I - the ring of Gubbiefu {rF+ Str+2}
   (You took it off a deep elf blademaster on level 3 of the Elven Halls)

   [ring of protection from fire]

   Str:       It affects your strength (+2).
   rF:        It protects you from fire.
 Y - an amulet of magic regeneration (around neck)
   (You found it on level 12 of the Dungeon)
Wands
 g - a wand of charming (36)
   (You found it on level 9 of the Dungeon)
 o - a wand of light (57)
   (You found it on level 12 of the Dungeon)
 y - a wand of mindburst (60)
   (You found it on level 2 of the Lair of Beasts)
 C - a wand of digging (31)
   (You found it on level 7 of the Dungeon)
 G - a wand of iceblast (52)
   (You found it on level 9 of the Dungeon)
Scrolls
 e - 8 scrolls of fear
 f - 3 scrolls of magic mapping
 l - 5 scrolls of immolation
 t - 6 scrolls of teleportation
 z - 6 scrolls of blinking
 H - 6 scrolls of poison
 J - 14 scrolls of fog
 U - 6 scrolls of vulnerability
 X - 4 scrolls of summoning
Potions
 b - a potion of magic
 h - 8 potions of haste
 k - 6 potions of cancellation
 n - 6 potions of resistance
 q - 11 potions of curing
 w - 7 potions of heal wounds
 A - 9 potions of mutation
 D - 2 potions of invisibility
 F - 14 potions of enlightenment
 T - 12 potions of ambrosia
 Z - 4 potions of brilliance
Miscellaneous
 s - a phial of floods
   (You found it on level 1 of the Lair of Beasts)
 x - a box of beasts
   (You found it on level 13 of the Dungeon)
 B - a tin of tremorstones (2/2)
   (You found it in an ice cave)


   Skills:
 + Level 15.2 Fighting
 + Level 15.2 Dodging
 - Level 1.7 Stealth
 - Level 19.0 Spellcasting
 - Level 24.0 Conjurations
 - Level 5.0 Hexes
 - Level 3.0 Translocations
 - Level 8.0 Transmutations
 - Level 24.0 Fire Magic
 - Level 6.0 Evocations


You had 11 spell levels left.
You knew the following spells:

 Your Spells              Type           Power      Damage    Failure   Level
a - Magic Dart            Conj           100%       1d8       0%          1
b - Searing Ray           Conj           100%       2d8       0%          2
c - Dazzling Flash        Conj/Hex       100%       N/A       0%          3
d - Fulminant Prism       Conj/Hex       65%        3d28      1%          4
e - Iskenderun's Mystic   Conj/Tloc      100%       2d19      1%          4
f - Orb of Destruction    Conj           82%        9d18      0%          7
g - Starburst             Conj/Fire      100%       6d25      0%          6
h - Fire Storm            Conj/Fire      100%       8d25      4%          9
i - Irradiate             Conj/Tmut      68%        3d34      1%          5
r - Blink                 Tloc           100%       N/A       1%          2
I - Ignition              Fire           100%       3d25      1%          8

Your spell library contained the following spells:

 Spells                   Type           Power      Damage    Failure   Level
 Beastly Appendage        Tmut           100%       N/A       0%          1
 Foxfire                  Conj/Fire      100%       2x1d9     0%          1
 Shock                    Conj/Air       100%       1d9       0%          1
 Momentum Strike          Conj/Tloc      100%       3d10      0%          2
 Scorch                   Fire           100%       2d9       0%          2
 Static Discharge         Conj/Air       100%       2-7/arc   0%          2
 Inner Flame              Hex/Fire       100%       N/A       0%          3
 Volatile Blastmotes      Fire/Tloc      100%       2d18      0%          3
 Flame Wave               Conj/Fire      100%       2d21      0%          4
 Sticky Flame             Conj/Fire      100%       2d11      0%          4
 Fireball                 Conj/Fire      100%       3d36      0%          5
 Iskenderun's Battlesphe  Conj           100%       2d15      0%          5
 Apportation              Tloc           100%       N/A       1%          1
 Necrotise                Necr           100%       1d9       1%          1
 Sandblast                Erth           100%       2d20      1%          1
 Sting                    Tmut/Pois      100%       1d8       1%          1
 Summon Small Mammal      Summ           100%       N/A       1%          1
 Call Imp                 Summ           100%       N/A       1%          2
 Cigotuvi's Dreadful Rot  Necr/Pois/Air  72%        N/A       1%          2
 Lesser Beckoning         Tloc           100%       N/A       1%          2
 Passwall                 Tmut/Erth      81%        N/A       1%          2
 Poisonous Vapours        Pois/Air       100%       N/A       1%          2
 Sublimation of Blood     Necr           64%        N/A       1%          2
 Wereblood                Tmut           100%       N/A       1%          2
 Gell's Gravitas          Tloc           87%        N/A       1%          3
 Hailstorm                Conj/Ice       100%       3d20      1%          3
 Ignite Poison            Fire/Tmut/Pois 100%       N/A       1%          3
 Mephitic Cloud           Conj/Pois/Air  100%       N/A       1%          3
 Ozocubu's Armour         Ice            83%        N/A       1%          3
 Portal Projectile        Hex/Tloc       100%       N/A       1%          3
 Spider Form              Tmut/Pois      78%        N/A       1%          3
 Stone Arrow              Conj/Erth      100%       3d13      1%          3
 Summon Guardian Golem    Hex/Summ       65%        N/A       1%          3
 Swiftness                Air            83%        N/A       1%          3
 Teleport Other           Tloc           87%        N/A       1%          3
 Tukima's Dance           Hex            99%        N/A       1%          3
 Vampiric Draining        Necr           64%        2d10      1%          3
 Vhi's Electric Charge    Tloc/Air       100%       N/A       1%          3
 Cause Fear               Hex            49%        N/A       1%          4
 Ice Form                 Ice/Tmut       98%        N/A       1%          4
 Passage of Golubria      Tloc           87%        N/A       1%          4
 Petrify                  Tmut/Erth      98%        N/A       1%          4
 Arcjolt                  Conj/Air       73%        1d83      1%          5
 Blade Hands              Tmut           57%        N/A       1%          5
 Freezing Cloud           Conj/Ice/Air   73%        6-21      1%          5
 Yara's Violent Unravell  Hex/Tmut       47%        3d18      1%          5
 Conjure Ball Lightning   Conj/Air       73%        3x3d27    1%          6
 Plasma Beam              Fire/Air       86%        2x1d114   1%          6
 Airstrike                Air            41%        2d(6-22)  3%          4
 Anguish                  Hex/Necr       32%        N/A       3%          4
 Animate Dead             Necr           64%        N/A       3%          4
 Olgreb's Toxic Radiance  Pois           64%        N/A       3%          4
 Alistair's Intoxication  Tmut/Pois      52%        N/A       4%          5
 Spellforged Servitor     Conj/Summ      60%        N/A       5%          7
 Summon Lightning Spire   Summ/Air       53%        N/A       9%          4
 Metabolic Englaciation   Hex/Ice        42%        N/A       9%          5
 Silence                  Hex/Air        42%        N/A       9%          5
 Summon Forest            Summ/Tloc      28%        N/A       13%         5
 Dispersal                Tloc           43%        N/A       14%         6
 Borgnjor's Vile Clutch   Necr/Erth      26%        N/A       24%         5
 Eringya's Noxious Bog    Tmut/Pois      39%        N/A       26%         6
 Statue Form              Tmut/Erth      65%        N/A       26%         6
 Enfeeble                 Hex            49%        N/A       34%         7
 Death Channel            Necr           32%        N/A       45%         6
 Summon Cactus Giant      Summ           32%        N/A       45%         6
 Simulacrum               Ice/Necr       26%        N/A       80%         6
 Storm Form               Tmut/Air       49%        N/A       82%         7
 Summon Hydra             Summ           32%        N/A       95%         7
 Discord                  Hex            49%        N/A       95%         8
 Malign Gateway           Summ/Tloc      28%        N/A       99%         7
 Disjunction              Tloc           43%        N/A       99%         8
 Borgnjor's Revivificati  Necr           32%        N/A       100%        8
 Infestation              Necr           32%        N/A       100%        8
 Maxwell's Capacitive Co  Air            41%        ∞         100%        8
 Necromutation            Tmut/Necr      39%        N/A       100%        8
 Summon Horrible Things   Summ           32%        N/A       100%        8
 Chain Lightning          Conj/Air       73%        3d97      100%        9
 Death's Door             Necr           32%        N/A       100%        9
 Shatter                  Erth           41%        3d32*     100%        9


Dungeon Overview and Level Annotations

Branches:
Dungeon (15/15)            Temple (0/1) D:6            Lair (5/5) D:11
 Shoals (4/4) Lair:2       Spider (4/4) Lair:2        Slime (5/5) Lair:5
    Orc (2/2) D:9             Elf (3/3) Orc:2        Vaults (4/5) D:14
  Crypt (0/3) Vaults:2     Depths (4/4) D:15            Zot (5/5) Depths:4
  IceCv (visited)         Volcano (visited)          WizLab (visited)

Shops:
D:1 :   D:7 ?:*   Orc:2 !*[[   Shoals:1 :?=*   Shoals:2 ([**   Vaults:1 *=
Vaults:3 *   Depths:3 (

Portals:
Hell: Depths:1 Depths:2 Depths:3 Depths:4
Abyss: Depths:1 Depths:2 Depths:3
Pandemonium: Depths:2
Ziggurat: Depths:3

Annotations:
D:10 Erica, Erolcha
D:11 Harold, Sonja
Lair:3 exclusion: oklob plant
Elf:2 3 runed translucent doors
Depths:4 1 exclusion


Innate Abilities, Weirdness & Mutations

You have an increased reservoir of magic. (+10% MP)
You shall have no god before yourself.
Your divine heritage dramatically boosts your attributes as you level up.
You are very agile. (Dex +8, Str/Int -2)
Armour fits poorly on your strangely shaped body.
Your body sometimes deteriorates upon taking damage.
You are covered in fur. (AC +1)


Message History

Unknown command.
There is an open door here.
There is an open door here.
There is a stone staircase leading up here.
You climb upwards.
There is a stone staircase leading down here.
There is a stone staircase leading up here.
You climb upwards.
A shadow demon comes into view.
There is a stone staircase leading down here.
Casting: Fire Storm (dangerous; 4% risk of failure)
Confirm with . or Enter, or press ? or * to list all spells.
Aiming: Fire Storm (dangerous; 4% risk of failure)
Press: ? - help, Dir - move target, f - shadow demon
Aim: a shadow demon You feel a huge surge of power!
A raging storm of fire appears!
The great blast of fire engulfs the shadow demon!!!!
You kill the shadow demon!
(D) Dungeon (T) Temple (L) Lair (A) Shoals (N) Spider Nest (M) Slime Pits (O) Orcish Mines (E) Elven Halls (V) Vaults (C) Crypt (U) Depths (H) Hell (Z) Zot
Where to? (Enter - D:2 @ (x,y), ? - help)
What level of the Dungeon? (default 1, ? - help)
An Ice Fiend comes into view.
Casting: Fire Storm (dangerous; 4% risk of failure)
Confirm with . or Enter, or press ? or * to list all spells.
Aiming: Fire Storm (dangerous; 4% risk of failure)
Press: ? - help, Dir - move target You feel a huge surge of power!
A raging storm of fire appears!
The great blast of fire engulfs the Ice Fiend!!!!
The Ice Fiend is burned terribly!
You kill the Ice Fiend!
(D) Dungeon (T) Temple (L) Lair (A) Shoals (N) Spider Nest (M) Slime Pits (O) Orcish Mines (E) Elven Halls (V) Vaults (C) Crypt (U) Depths (H) Hell (Z) Zot
Where to? (Enter - D:1 @ (x,y), ? - help) Magic restored.
An Orb Guardian comes into view.
Casting: Fire Storm (dangerous; 4% risk of failure)
Confirm with . or Enter, or press ? or * to list all spells.
Aiming: Fire Storm (dangerous; 4% risk of failure)
Press: ? - help, Dir - move target, f - Orb Guardian
Aim: an Orb Guardian You feel a huge surge of power!
A raging storm of fire appears!
The great blast of fire engulfs the Orb Guardian!!!!
You kill the Orb Guardian!
(D) Dungeon (T) Temple (L) Lair (A) Shoals (N) Spider Nest (M) Slime Pits (O) Orcish Mines (E) Elven Halls (V) Vaults (C) Crypt (U) Depths (H) Hell (Z) Zot
Where to? (Enter - D:1 @ (x,y), ? - help)
You see here a +0 club.
A Brimstone Fiend comes into view.
Casting: Fire Storm (dangerous; 4% risk of failure)
Confirm with . or Enter, or press ? or * to list all spells.
Aiming: Fire Storm (dangerous; 4% risk of failure)
Press: ? - help, Dir - move target, f - Brimstone Fiend
Aim: a Brimstone Fiend You feel a huge surge of power!
A raging storm of fire appears!
The great blast of fire engulfs the Brimstone Fiend!!!
The Brimstone Fiend partially resists.
The Brimstone Fiend is severely wounded.
Casting: Fire Storm (dangerous; 4% risk of failure)
Confirm with . or Enter, or press ? or * to list all spells.
Aiming: Fire Storm (dangerous; 4% risk of failure)
Press: ? - help, Dir - move target, f/p - Brimstone Fiend
Aim: a Brimstone Fiend (flame, severely wounded)
You feel a huge surge of power!
A raging storm of fire appears!
The great blast of fire engulfs the Brimstone Fiend!!
The Brimstone Fiend partially resists.
You kill the Brimstone Fiend!
(D) Dungeon (T) Temple (L) Lair (A) Shoals (N) Spider Nest (M) Slime Pits (O) Orcish Mines (E) Elven Halls (V) Vaults (C) Crypt (U) Depths (H) Hell (Z) Zot
Where to? (Enter - D:1 @ (x,y), ? - help)
You see here 4 stones.
There is an open door here.
A tormentor comes into view.
Casting: Fire Storm (dangerous; 4% risk of failure)
Confirm with . or Enter, or press ? or * to list all spells.
Aiming: Fire Storm (dangerous; 4% risk of failure)
Press: ? - help, Dir - move target, f - tormentor
Aim: a tormentor You feel a huge surge of power!
A raging storm of fire appears!
The great blast of fire engulfs the tormentor!!!!
The tormentor partially resists.
You kill the tormentor!
There is an open door here.
There is an open door here.
Your fire vortex hits something.
Your fire vortex burns something!
Your fire vortex dissipates!
You swap places.
A nearby fungus withers and dies.
There is an open door here.
There is a staircase leading out of the dungeon here.
Enter note: gg You have escaped!

#...#...#...#.P.#.#
#...#...#...#P.P#.#
##'###'###'###'##.#
#...............#(#
#P.....##.......'.#
#...............###
##'###'###'###'##
#P..#...#...#..P#
#.P.#.@.#...#P(.#
#################


There were no monsters in sight!

Vanquished Creatures
  the Royal Jelly (Slime:5)
  A seraph (D:6)
  4 ancient liches
  2 dread liches (Zot:5)
  6 orbs of fire
  Mara (Shoals:3)
  A juggernaut (Depths:2)
  Vv (Depths:2)
  4 Killer Klowns (Zot:5)
  Sojobo (Vaults:4)
  Parghit (Depths:3)
  Xtahua (Depths:3)
  A pandemonium lord (Zot:1)
  A curse toe (Zot:4)
  Bai Suzhen (Spider:4)
  Nikola (Depths:1)
  7 golden dragons
  A profane servitor (D:13)
  2 bone dragons (Zot:3)
  Arachne (Spider:3)
  A Brimstone Fiend (D:1)
  An electric golem (Zot:5)
  13 tentacled monstrosities
  9 liches
  6 deep elf blademasters (Elf:3)
  An Ice Fiend (D:1)
  A titan (Shoals:3)
  Mlioglotl (Shoals:2)
  29 Orb Guardians
  4 deep elf master archers (Elf:3)
  17 acid blobs
  10 quicksilver dragons
  An Executioner (D:12)
  2 sphinxes
  An eldritch tentacle (WizLab)
  11 death cobs
  2 tentacled starspawn (WizLab)
  Kirke (D:12)
  Gastronok (D:11)
  Agnes (Spider:4)
  14 shadow dragons
  4 tengu reavers
  6 draconian monks
  Roxanne (Elf:2)
  12 storm dragons
  14 rockslimes
  12 azure jellies
  3 draconian knights (Zot:2)
  10 fire giants
  18 frost giants
  3 draconian scorchers
  11 emperor scorpions
  7 deep elf sorcerers
  18 vault wardens
  7 ghost moths
  2 iron dragons (Depths:3)
  A juggernaut zombie (Depths:3)
  A curse skull (Vaults:2)
  3 deep elf elementalists (Elf:3)
  A draconian shifter (Zot:3)
  7 quicksilver oozes
  6 draconian annihilators
  3 balrugs
  27 very ugly things
  A spriggan defender (Depths:2)
  An angel (D:6)
  3 orc warlords
  A cacodemon (Depths:4)
  3 broodmothers
  15 ironbound preservers
  2 war gargoyles
  7 draconian stormcallers
  14 stone giants
  A deep elf demonologist (Elf:3)
  8 black draconians
  7 ironbound thunderhulks
  11 green draconians
  9 vampire knights
  5 deep elf annihilators
  7 purple draconians
  6 dire elephants
  5 white draconians
  12 red draconians
  12 spark wasps
  7 formless jellyfish
  13 yellow draconians
  A jiangshi (Vaults:2)
  A blizzard demon (Depths:4)
  13 ettins
  9 merfolk impalers
  7 deep elf death magi
  6 merfolk javelineers
  A quicksilver dragon zombie (Depths:3)
  A green death (Depths:4)
  3 entropy weavers
  Josephine (Orc:2)
  7 great orbs of eyes
  2 deep elf high priests (Elf:3)
  7 fire dragons
  4 hydras
  2 spriggan zombies (Depths:3)
  11 yaktaur captains
  16 vault guards
  3 hell beasts (Depths:4)
  4 rakshasas
  10 ice dragons
  A peacekeeper (Vaults:3)
  3 ogre magi
  11 centaur warriors
  A catoblepas (Shoals:2)
  5 merfolk avatars (Shoals:4)
  5 radroaches
  23 two-headed ogres
  2 ghost crabs (Spider:3)
  18 ironbound frosthearts
  7 boulder beetles
  2 death knights
  3 death yaks (Lair:5)
  6 merfolk aquamancers
  A satyr (Shoals:4)
  An alligator snapping turtle (Shoals:4)
  2 hell hogs (Depths:1)
  18 dancing weapons
  4 tengu warriors
  3 deep troll earth magi
  Urug (D:10)
  6 spriggan berserkers
  5 deep troll shamans
  6 orc high priests
  10 hell knights
  A vampire mage (Depths:1)
  9 soul eaters
  15 deep elf knights
  8 sun demons
  5 spriggans
  4 skeletal warriors
  A storm dragon zombie (Depths:3)
  A pharaoh ant (Spider:2)
  13 sea snakes
  2 death drakes (Zot:3)
  A sun moth (Spider:4)
  12 skysharks
  Lodul (D:12)
  A cherub (D:6)
  2 shadow wraiths
  2 flayed ghosts
  A shadow demon (D:1)
  An orange crystal statue (IceCv)
  6 glowing orange brains
  13 iron trolls
  13 orb spiders
  12 ironbound convokers
  46 deep trolls
  2 obsidian statues
  6 steelbarb worms
  9 deep elf archers
  6 wizards
  A sphinx zombie (Depths:1)
  2 phantasmal warriors
  A tengu skeleton (Depths:3)
  14 lindwurms
  22 deep elf pyromancers
  24 deep elf zephyrmancers
  5 necromancers
  48 ugly things
  8 fauns (Shoals:2)
  14 harpies
  13 orc knights
  A frost giant zombie (Depths:1)
  A fire giant zombie (Depths:1)
  19 wolf spiders
  2 shining eyes
  13 cyclopes
  31 moths of wrath
  4 salamanders (Depths:2)
  13 manticores
  7 orc sorcerers
  A worldbinder (WizLab)
  12 merfolk sirens
  6 elephants
  20 vault sentinels
  2 black mambas (Lair:5)
  2 orange demons
  A water nymph (shapeshifter) (Elf:3)
  2 frost giant skeletons
  2 molten gargoyles (Volcano)
  2 naga magi (D:15)
  7 torpor snails
  11 water nymphs
  An eye of devastation (Slime:5)
  10 cane toads
  7 demonic crawlers
  A gargoyle (D:12)
  A rust devil (Depths:2)
  An apocalypse crab (WizLab)
  2 ice statues (D:15)
  8 smoke demons
  A hellion (Depths:2)
  2 centaur skeletons (D:15)
  23 rime drakes
  52 yaktaurs
  A kobold demonologist (D:9)
  A tormentor (D:1)
  2 efreet (Zot:4)
  11 komodo dragons
  An unseen horror (D:12)
  5 tengu conjurers
  A freezing wraith (Vaults:2)
  2 ice devils (WizLab)
  A green draconian skeleton (Zot:3)
  2 red devils
  2 ancient zymes (WizLab)
  A wolf spider simulacrum (D:15)
  43 merfolk
  11 trolls
  3 meliai (Spider:2)
  19 tarantellas
  18 hornets
  7 tyrant leeches
  7 wind drakes
  19 polar bears
  10 saltlings (Orc:2)
  3 hellwings
  An ettin zombie (Depths:1)
  4 dream sheep
  32 blink frogs
  74 slime creatures
  12 snapping turtles
  2 centaur simulacra (D:15)
  2 large abominations (WizLab)
  A culicivora (shapeshifter) (D:14)
  A spriggan (shapeshifter) (Depths:3)
  3 air elementals
  3 shadows
  32 jumping spiders
  2 wyverns
  6 fire bats (Volcano)
  21 culicivoras
  4 wraiths
  8 basilisks
  4 hogs (D:12)
  29 yaks
  5 fire elementals
  25 water elementals
  5 golden eyes (Slime:5)
  51 redbacks
  A vampire (D:12)
  A chaos spawn (Depths:2)
  2 neqoxecs (Depths:4)
  13 vampire mosquitoes
  A redback simulacrum (D:15)
  Menkaure (D:4)
  3 steam dragons
  A glowing shapeshifter zombie (Depths:3)
  6 spatial vortices (WizLab)
  8 wargs (Orc:2)
  Edmund (D:5)
  8 hydra simulacra (Depths:2)
  An acid dragon (D:9)
  2 floating eyes
  A hell hound (WizLab)
  28 water moccasins
  2 black bears
  24 orc warriors
  3 sky beasts
  3 ice beasts
  A meliai simulacrum (D:15)
  15 ogres
  5 boggarts (Vaults:3)
  14 centaurs
  7 wolves
  2 kobold brigands
  A small abomination (WizLab)
  9 bullfrogs
  A human skeleton (WizLab)
  A glowing shapeshifter simulacrum (Depths:3)
  2 gnoll sergeants
  3 earth elementals
  4 wights (D:9)
  3 scorpions
  6 howler monkeys
  6 electric eels
  7 lava snakes (Volcano)
  4 jellies
  2 gnoll boudas
  14 orc priests
  7 hounds
  Terence (D:3)
  Natasha (thrice) (D:3)
  5 iguanas
  9 orc wizards
  Robin (D:2)
  14 gnolls
  22 adders
  A shadow imp (D:6)
  7 white imps
  4 ufetubi
  A worm (D:2)
  4 dart slugs
  53 orcs
  3 bats
  3 endoplasms
  7 giant cockroaches
  10 goblins
  5 hobgoblins
  7 jackals
  12 kobolds
  2 quokkas
  8 ball pythons
  3 frilled lizards
  5 rats
  A fire vortex (Zot:2)
  A lurking horror (WizLab)
2272 creatures vanquished.

Vanquished Creatures (collateral kills)
  An electric golem (Zot:5)
  A storm dragon (Zot:3)
  A very ugly thing (Zot:2)
  A yellow draconian (Zot:2)
  A black draconian (Zot:2)
  A moth of wrath (Zot:5)
6 creatures vanquished.

Vanquished Creatures (others)
  An orc wizard (D:14)
  166 fire vortices
  158 fulminant prisms
325 creatures vanquished.

Grand Total: 2603 creatures vanquished

Notes
Turn   | Place    | Note
-------+----------+-------------------------------------------
     0 | D:1      | Flugkiller the Demigod Conjurer began the quest for the
                  | Orb.
     0 | D:1      | Reached XP level 1. HP: 14/14 MP: 5/5
   257 | D:1      | Found Poss's Book Boutique.
   260 | D:1      | Reached XP level 2. HP: 20/20 MP: 4/7
   263 | D:1      | Learned a level 2 spell: Searing Ray
  1358 | D:2      | Reached XP level 3. HP: 24/26 MP: 2/9
  1654 | D:2      | Noticed Robin
  1674 | D:2      | Killed Robin
  2003 | D:2      | Reached XP level 4. HP: 33/33 MP: 5/11
  2209 | D:3      | Noticed Terence
  2332 | D:3      | Reached skill level 5 in Conjurations
  2888 | D:3      | Noticed Natasha
  2891 | D:3      | Killed Natasha
  2892 | D:3      | Reached skill level 1 in Fighting
  2969 | D:3      | Killed Terence
  2970 | D:3      | Reached XP level 5. HP: 40/40 MP: 3/12
  3009 | D:3      | Noticed Natasha
  3024 | D:3      | Killed Natasha
  3025 | D:3      | Reached skill level 1 in Hexes
  3029 | D:3      | Noticed Natasha
  3036 | D:3      | Killed Natasha
  4159 | D:4      | Reached XP level 6. HP: 47/47 MP: 10/13
  4163 | D:4      | Learned a level 3 spell: Dazzling Flash
  4168 | D:4      | Learned a level 4 spell: Fulminant Prism
  4192 | D:4      | Noticed Menkaure
  4199 | D:4      | Killed Menkaure
  4298 | D:4      | Identified the +2 leather armour of Hysteria {+Blink Regen+
                  | rCorr Int+2}
  4393 | D:5      | Entered Level 5 of the Dungeon
  4645 | D:5      | Noticed Edmund
  4726 | D:5      | Reached XP level 7. HP: 52/52 MP: 8/15
  6106 | D:5      | Killed Edmund
  6591 | D:6      | Reached XP level 8. HP: 54/61 MP: 11/18
  6813 | D:6      | Reached skill level 5 in Spellcasting
  6917 | D:6      | Found a large runed translucent door.
  6918 | D:6      | Found a large runed translucent door.
  6956 | D:6      | Found a staircase to the Ecumenical Temple.
  7848 | D:7      | Reached skill level 5 in Hexes
  7853 | D:7      | Learned a level 4 spell: Iskenderun's Mystic Blast
  7907 | D:7      | Noticed a hornet
  8031 | D:7      | Reached skill level 1 in Translocations
  8074 | D:7      | Found Ocseg's Assorted Antiques.
  8082 | D:7      | Bought a cyan potion for 23 gold pieces
  8086 | D:7      | Found Tiecry's Magic Scroll Emporium.
  8092 | D:7      | Bought 3 scrolls of identify for 78 gold pieces
  8096 | D:7      | Bought a scroll of identify for 26 gold pieces
  8096 | D:7      | Bought a scroll of identify for 26 gold pieces
  8096 | D:7      | Bought a scroll of identify for 26 gold pieces
  8151 | D:7      | Found Lierikal's Book Shoppe.
  8186 | D:7      | Reached XP level 9. HP: 67/67 MP: 12/21
  8541 | D:7      | Learned a level 5 spell: Irradiate
  9563 | D:9      | Noticed a kobold demonologist
  9565 | D:9      | Noticed a sun demon
  9707 | D:9      | Found a staircase to the Orcish Mines.
  9936 | D:9      | Identified the +3 leather armour of Honour {Regen+ Dex+2
                  | Stlth+}
  9958 | D:9      | Noticed a two-headed ogre
  9971 | D:9      | Killed a two-headed ogre
 10507 | D:10     | Entered Level 10 of the Dungeon
 10541 | D:10     | Reached XP level 10. HP: 58/78 MP: 23/23
 10569 | D:10     | Noticed Urug
 10603 | D:10     | Killed Urug
 10604 | D:10     | Reached skill level 5 in Dodging
 10897 | D:10     | Noticed Erica
 10909 | D:10     | Noticed Erolcha
 11389 | D:11     | Noticed Sonja
 11389 | D:11     | Noticed Harold
 11988 | D:11     | Noticed Gastronok
 12107 | D:11     | Killed Gastronok
 12307 | D:11     | Noticed a red ugly thing
 12318 | D:11     | Killed a red ugly thing
 12319 | D:11     | Reached skill level 10 in Conjurations
 12586 | D:11     | Found a staircase to the Lair.
 13182 | D:11     | You are sucked into a shaft and drop 1 floor!
 13247 | D:12     | Noticed a two-headed ogre
 13298 | D:12     | Reached XP level 11. HP: 71/84 MP: 21/27
 13302 | D:12     | Noticed a two-headed ogre
 13701 | Lair:1   | Entered Level 1 of the Lair of Beasts
 13730 | Lair:1   | Found a dark tunnel.
 13806 | Volcano  | Entered a volcano
 13879 | Volcano  | Reached skill level 5 in Transmutations
 14085 | Volcano  | Noticed a two-headed ogre
 14110 | Volcano  | Noticed a two-headed ogre
 14114 | Volcano  | Killed a two-headed ogre
 14118 | Volcano  | Noticed an ogre mage
 14205 | Volcano  | Noticed a two-headed ogre
 14264 | Volcano  | Killed a two-headed ogre
 14265 | Volcano  | Reached skill level 1 in Evocations
 14290 | Volcano  | Killed a two-headed ogre
 14553 | Volcano  | Killed an ogre mage
 14610 | Volcano  | Noticed a two-headed ogre
 14625 | Volcano  | Killed a two-headed ogre
 14694 | Volcano  | Noticed a hell knight
 14716 | Volcano  | Killed a hell knight
 15141 | Lair:1   | Reached skill level 5 in Fighting
 16112 | Lair:2   | You are sucked into a shaft and drop 1 floor!
 16128 | Lair:3   | Reached XP level 12. HP: 88/94 MP: 25/28
 16360 | Lair:2   | Found a staircase to the Shoals.
 16396 | Lair:2   | Found a hole to the Spider Nest.
 17960 | Lair:4   | Noticed a five-headed hydra
 17975 | Lair:3   | Killed a five-headed hydra
 18081 | Lair:4   | Reached skill level 5 in Evocations
 18290 | Lair:4   | Found the +4 moon troll leather armour {Spirit, Regen++
                  | MP+5}
 18344 | Lair:4   | Identified the +2 leather armour "Qicymiaxt" {Stlth+}
 19015 | Lair:4   | Identified a scroll of acquirement
 19051 | Lair:5   | Entered Level 5 of the Lair of Beasts
 19404 | Lair:5   | Reached skill level 10 in Dodging
 19410 | Lair:5   | Reached XP level 13. HP: 96/105 MP: 23/29
 20588 | Lair:5   | Noticed a dire elephant
 20619 | Lair:5   | Killed a dire elephant
 20797 | Lair:5   | Found a runed translucent door.
 21424 | Lair:5   | Found a staircase to the Slime Pits.
 21978 | Lair:5   | Noticed a dire elephant
 22058 | Lair:5   | Killed a dire elephant
 22937 | D:7      | Bought a book of Dangerous Friends for 440 gold pieces
 22945 | D:7      | Learned a level 7 spell: Orb of Destruction
 23057 | D:12     | Identified the staff of poison "Ketz" {rElec rPois Dex+2
                  | Stlth+}
 23346 | D:12     | Noticed Lodul
 23404 | D:12     | Reached skill level 10 in Spellcasting
 23855 | D:12     | Killed Lodul
 23856 | D:12     | Reached XP level 14. HP: 103/113 MP: 25/33
 24915 | D:14     | Found a gate to the Vaults.
 26152 | D:15     | Entered Level 15 of the Dungeon
 26326 | D:15     | Reached skill level 15 in Conjurations
 26489 | D:15     | Found a frozen archway.
 26584 | IceCv    | Entered an ice cave
 26819 | IceCv    | Reached XP level 15. HP: 121/121 MP: 35/35
 26980 | IceCv    | Gained mutation: You are frail. (-10% HP) [mutagenic glow]
 26988 | IceCv    | Lost mutation: You are frail. (-10% HP) [potion of
                  | mutation]
 26988 | IceCv    | Gained mutation: You are agile. (Dex +4, Str/Int -1)
                  | [potion of mutation]
 26988 | IceCv    | Gained mutation: You are covered in fur. (AC +1) [potion of
                  | mutation]
 27625 | IceCv    | Identified the +1 sling of Laceration {drain, Will+ SInv}
 28187 | D:15     | Found a staircase to the Depths.
 28284 | D:15     | Paralysed by an ogre mage for 3 turns
 28367 | D:15     | Found a portal to a secret trove of treasure.
 28738 | D:12     | Noticed Kirke
 28742 | D:12     | Killed Kirke
 28818 | Orc:1    | Entered Level 1 of the Orcish Mines
 29123 | Orc:2    | Entered Level 2 of the Orcish Mines
 29144 | Orc:2    | Noticed Josephine
 29204 | Orc:2    | Killed Josephine
 29584 | Orc:2    | Paralysed by an orc sorcerer for 5 turns
 29733 | Orc:2    | Found Woeso's Armour Boutique.
 30155 | Orc:2    | Found a staircase to the Elven Halls.
 30371 | Orc:2    | Found Bijaedwa's General Store.
 30382 | Orc:2    | Bought a potion of mutation for 88 gold pieces
 30382 | Orc:2    | Bought a scroll of magic mapping for 82 gold pieces
 30382 | Orc:2    | Bought a wand of mindburst (3) for 46 gold pieces
 30397 | Orc:2    | Found Nufod's Antique Armour Emporium.
 30430 | Orc:2    | Found Jeobuwn's Distillery.
 30488 | Orc:2    | Bought a potion of heal wounds for 55 gold pieces
 30488 | Orc:2    | Bought 2 potions of heal wounds for 110 gold pieces
 30488 | Orc:2    | Bought a potion of resistance for 110 gold pieces
 30488 | Orc:2    | Bought a potion of curing for 33 gold pieces
 30524 | Orc:2    | Acquired a staff of conjuration
 30844 | D:7      | Bought a scroll of enchant armour for 97 gold pieces
 30844 | D:7      | Bought a scroll of fear for 52 gold pieces
 30844 | D:7      | Bought a scroll of fog for 52 gold pieces
 30844 | D:7      | Bought a scroll of poison for 52 gold pieces
 30844 | D:7      | Bought a scroll of teleportation for 39 gold pieces
 30844 | D:7      | Bought 2 scrolls of magic mapping for 195 gold pieces
 31070 | Spider:1 | Entered Level 1 of the Spider Nest
 31112 | Spider:1 | Reached XP level 16. HP: 107/128 MP: 25/38
 34280 | Spider:3 | Noticed Arachne
 34313 | Spider:3 | Killed Arachne
 35200 | Spider:3 | Learned a level 6 spell: Starburst
 35210 | Spider:3 | Learned a level 9 spell: Fire Storm
 35237 | Spider:4 | Entered Level 4 of the Spider Nest
 35356 | Spider:4 | Reached skill level 1 in Fire Magic
 35577 | Shoals:1 | Entered Level 1 of the Shoals
 35645 | Shoals:1 | Found Roidel's Magic Scroll Boutique.
 35665 | Shoals:1 | Found Kiruidoy's Assorted Antiques.
 35689 | Shoals:1 | Found Fuor's Jewellery Shop.
 35733 | Shoals:1 | Reached XP level 17. HP: 134/134 MP: 11/41
 35788 | Shoals:1 | Bought a scroll of enchant armour for 105 gold pieces
 35789 | Shoals:1 | Bought a scroll of blinking for 105 gold pieces
 35789 | Shoals:1 | Bought a scroll of fear for 56 gold pieces
 35789 | Shoals:1 | Bought a scroll of teleportation for 42 gold pieces
 35921 | Shoals:1 | Reached skill level 15 in Spellcasting
 36062 | Shoals:1 | Found Adghaw's Book Boutique.
 36087 | Shoals:1 | Identified the +2 rapier of the Head {holy, rPois Str+3
                  | Dex+3}
 36944 | Shoals:2 | Got the Compendium of Anemomancy
 37044 | Shoals:2 | Found Diatrir's Merfolk Magic.
 37044 | Shoals:2 | Found Diatrir's Visitors' Centre.
 37052 | Shoals:2 | Reached skill level 5 in Fire Magic
 37135 | Shoals:2 | Found Diatrir's Merfolk Weapons.
 37135 | Shoals:2 | Found Diatrir's Merfolk Armours.
 37233 | Shoals:2 | Noticed Mlioglotl
 37334 | Shoals:2 | Killed Mlioglotl
 37821 | Shoals:3 | Noticed Mara
 37824 | Shoals:3 | Noticed Flugkiller's illusion
 38177 | Shoals:3 | Killed Mara
 38607 | Shoals:3 | Noticed a titan
 38677 | Shoals:3 | Killed a titan
 38796 | Shoals:3 | Identified the +1 leather armour "Regoher" {rPois Will+
                  | Int-4}
 38954 | Shoals:4 | Entered Level 4 of the Shoals
 39886 | Shoals:4 | Reached XP level 18. HP: 114/141 MP: 19/42
 39903 | Shoals:4 | Got a barnacled rune of Zot
 40002 | Shoals:4 | Identified the +1 shortbow of Aryz Lapp {heavy, +Blink}
 40450 | Shoals:4 | Reached skill level 10 in Fire Magic
 41070 | Spider:4 | Noticed Agnes
 41082 | Spider:4 | Killed Agnes
 41168 | Spider:4 | Noticed Bai Suzhen
 41176 | Spider:4 | Killed Bai Suzhen
 41909 | Spider:4 | Identified the +2 pair of boots "Ylewohez" {rC+ Int+3}
 41947 | Spider:4 | Got a gossamer rune of Zot
 42309 | Elf:1    | Entered Level 1 of the Elven Halls
 43357 | Elf:1    | Got the Thoughts on Bruises and Assembling
 43601 | Elf:2    | Identified Roxanne's Handbook of Sculpting
 43601 | Elf:2    | Noticed Roxanne
 43609 | Elf:2    | Killed Roxanne
 43622 | Elf:2    | Paralysed by an air elemental for 1 turns
 43703 | Elf:2    | Identified the +8 arbalest "Undertaker" {drain, *Slow rPois
                  | MP+9 Str+5}
 43914 | Elf:2    | Found a runed translucent gate.
 43915 | Elf:2    | Found a runed translucent gate.
 43915 | Elf:2    | Found a runed translucent gate.
 44220 | Elf:3    | Entered Level 3 of the Elven Halls
 44288 | Elf:3    | Identified the +11 flail of Havoc {flame, Str+3 Int+3 SInv}
 44962 | Elf:3    | Reached XP level 19. HP: 147/147 MP: 41/43
 45157 | Elf:3    | Reached skill level 15 in Fire Magic
 45769 | Elf:3    | Identified the ring "Noshes" {rElec Will+ Str+5 Dex-3}
 45777 | Elf:3    | Identified the +3 scimitar "Amearoaps" {drain, rF+ Stlth+}
 46036 | Elf:3    | Identified the ring of Jowe {Fly Will+ rCorr}
 46069 | Elf:3    | Identified the ring of Gubbiefu {rF+ Str+2}
 46123 | Elf:3    | Identified the +4 shortbow "Arreppaawn" {flame, rF- rCorr
                  | Str+2}
 46130 | Elf:3    | Identified the +0 war axe "Feddiot" {heavy, rC+ Int+4}
 46135 | Elf:3    | Identified the staff of poison "Inyad" {rPois MP-9 Str+6}
 46180 | Elf:3    | Identified the +7 hand axe of Demev {heavy, rF+ Will-
                  | Str+2}
 46186 | Elf:3    | Identified the staff of fire "Renaitat" {rF+ Str+3 Dex+4}
 46194 | Elf:3    | Got the Atlas of Pestilent Electricity
 46640 | Vaults:1 | Entered Level 1 of the Vaults
 46643 | Vaults:1 | Found a magical portal.
 46668 | WizLab   | Entered The Roulette of Golubria
 46668 | WizLab   | Found a transporter.
 46779 | WizLab   | Found a transporter.
 46843 | WizLab   | Found a transporter.
 46843 | WizLab   | Found a transporter.
 46893 | WizLab   | Found a transporter.
 46931 | WizLab   | Found a transporter.
 46983 | WizLab   | Found a transporter.
 47091 | WizLab   | Found a transporter.
 47134 | WizLab   | Found a transporter.
 47218 | WizLab   | Found a transporter.
 47235 | WizLab   | Got Golubria's Directory of Location
 47267 | WizLab   | Found a transporter.
 47267 | WizLab   | Found a transporter.
 47350 | WizLab   | Found a transporter.
 47437 | WizLab   | Found a transporter.
 47437 | WizLab   | Found a transporter.
 47509 | WizLab   | Found a transporter.
 47518 | WizLab   | Identified the +4 cloak of the Bard {Harm rC+ Stlth+}
 47522 | WizLab   | Identified the +1 cloak of Divine Intervention {Will-
                  | Int+6}
 47548 | WizLab   | Identified the +0 cloak of Nosah {Str+5}
 47624 | WizLab   | Found a transporter.
 47624 | WizLab   | Found a transporter.
 47697 | WizLab   | Found a transporter.
 47697 | WizLab   | Found a transporter.
 47784 | Vaults:1 | Found Qinirawi's General Store.
 47930 | Vaults:1 | Bought a potion of heal wounds for 80 gold pieces
 47930 | Vaults:1 | Bought a wand of iceblast (2) for 76 gold pieces
 48701 | Vaults:1 | Found Wirehi's Jewellery Shoppe.
 48948 | Vaults:1 | Found the +3 Mad Mage's Maulers {Infuse+∞ VampMP -Cast}
 49627 | Vaults:2 | Reached XP level 20. HP: 132/155 MP: 31/45
 50392 | Vaults:2 | Found a staircase to the Crypt.
 51328 | Vaults:2 | Learned a level 8 spell: Ignition
 51850 | Vaults:3 | Found Ysaudd's General Store.
 52427 | Vaults:3 | Bought a scroll of summoning for 142 gold pieces
 52721 | Vaults:4 | Noticed Sojobo
 52728 | Vaults:4 | Killed Sojobo
 53599 | Vaults:4 | Reached XP level 21. HP: 162/162 MP: 32/47
 54321 | Depths:1 | Entered Level 1 of the Depths
 54492 | Depths:1 | Found a one-way gate to the infinite horrors of the Abyss.
 55099 | Depths:1 | Found a gateway to Hell.
 55332 | Depths:1 | Noticed Nikola
 55818 | Depths:1 | Killed Nikola
 56333 | Depths:1 | Got Ybud Dee's Guidebook on Bodies
 56547 | Depths:2 | Noticed Vv
 56869 | Depths:2 | Killed Vv
 57782 | Depths:2 | Noticed a juggernaut
 57787 | Depths:2 | Killed a juggernaut
 58512 | Depths:2 | Found a one-way gate leading to the halls of Pandemonium.
 58542 | Depths:3 | Noticed Parghit
 58559 | Depths:3 | You fall into a shaft and drop 1 floor!
 58559 | Depths:4 | Entered Level 4 of the Depths
 58701 | Depths:3 | Noticed Xtahua
 58705 | Depths:3 | Killed Xtahua
 58849 | Depths:3 | Found a one-way gateway to a ziggurat.
 58887 | Depths:3 | Noticed a golden dragon
 58891 | Depths:3 | Killed a golden dragon
 59252 | Depths:4 | Reached skill level 10 in Fighting
 59252 | Depths:4 | Reached XP level 22. HP: 146/168 MP: 28/49
 60502 | Depths:4 | Found a gate to the Realm of Zot.
 60929 | Depths:3 | Paralysed by a floating eye for 2 turns
 61361 | Depths:3 | Identified the +1 robe of the Evil One {+Inv Str+3}
 61361 | Depths:3 | Identified the ring "Agoares" {AC+4 Int+3}
 61556 | Depths:3 | Killed Parghit
 61898 | Depths:3 | Found Hodiz's Weapon Shop.
 62507 | Slime:1  | Entered Level 1 of the Pits of Slime
 62903 | Slime:5  | Entered Level 5 of the Pits of Slime
 62910 | Slime:5  | Paralysed by a formless jellyfish for 1 turns
 62984 | Slime:5  | Noticed the Royal Jelly
 62987 | Slime:5  | Killed the Royal Jelly
 63479 | Slime:5  | Reached XP level 23. HP: 167/185 MP: 20/51
 63582 | Slime:5  | Got the Vellum of the Wind
 63588 | Slime:5  | Identified the staff of fire "Adghisi" {rF+ MP+9}
 63631 | Slime:5  | Identified the staff of poison "Wiuzam" {Contam rPois rN+
                  | Int+8 SInv}
 63647 | Slime:5  | Got a slimy rune of Zot
 63679 | Slime:5  | Identified the +6 long sword "Veejaqit" {antimagic, rElec
                  | rPois rCorr}
 64076 | Lair:5   | Acquired the +3 Elemental Staff {rElec rF+ rC+ AC+3}
 64076 | Lair:5   | Found the +3 Elemental Staff {rElec rF+ rC+ AC+3}
 64414 | Zot:1    | Entered Level 1 of the Realm of Zot
 64671 | Shoals:1 | Bought a scroll of magic mapping for 105 gold pieces
 64741 | Shoals:2 | Bought a scroll of teleportation for 300 gold pieces
 65021 | D:15     | You paid a toll of 17 scrolls of teleportation to enter a
                  | treasure trove
 65022 | Trove    | Entered a treasure trove
 65041 | Trove    | Got Sif Muna's Lectures on the Brume and Nonlocality
 65056 | Trove    | Got the Cyclopedia of the Sinister Nimbus
 65059 | Trove    | Got Hingutuj's Parchment of Injurious Lava
 65072 | Trove    | Got the Omnibus of the Excursion and Sciomancy
 68144 | Zot:2    | Identified the +1 robe of Lerchuaq {Will- Int+4}
 68307 | Zot:2    | Noticed an orb of fire
 68310 | Zot:2    | Killed an orb of fire
 69048 | Zot:3    | Noticed an ancient lich
 69227 | Zot:3    | Killed an ancient lich
 69636 | Zot:3    | Identified the +4 quarterstaff "Pendulum" {antimagic, rPois
                  | Str+6 Dex-2 Stlth-}
 69820 | Zot:3    | Noticed an ancient lich
 69823 | Zot:3    | Killed an ancient lich
 70387 | Zot:4    | Reached XP level 24. HP: 192/192 MP: 19/52
 71837 | Zot:5    | Entered Level 5 of the Realm of Zot
 72784 | Zot:5    | Noticed an orb of fire
 72786 | Zot:5    | Gained mutation: Your body sometimes deteriorates upon
                  | taking damage. [an orb of fire]
 72789 | Zot:5    | Killed an orb of fire
 72789 | Zot:5    | Noticed an orb of fire
 72807 | Zot:5    | Gained mutation: Armour fits poorly on your strangely
                  | shaped body. [an orb of fire]
 72818 | Zot:5    | Killed an orb of fire
 73096 | Zot:5    | Noticed a dread lich
 73097 | Zot:5    | Killed a dread lich
 73178 | Zot:5    | Noticed an orb of fire
 73181 | Zot:5    | Killed an orb of fire
 73183 | Zot:5    | Noticed a Killer Klown
 73185 | Zot:5    | Killed a Killer Klown
 73285 | Zot:5    | Noticed a dread lich
 73287 | Zot:5    | Killed a dread lich
 73287 | Zot:5    | Noticed a Killer Klown
 73288 | Zot:5    | Killed a Killer Klown
 73386 | Zot:5    | Learned a level 2 spell: Blink
 73499 | Zot:5    | Noticed an orb of fire
 73501 | Zot:5    | Gained mutation: You are very agile. (Dex +8, Str/Int -2)
                  | [an orb of fire]
 73505 | Zot:5    | Killed an orb of fire
 73517 | Zot:5    | Noticed a Killer Klown
 73522 | Zot:5    | Killed a Killer Klown
 73528 | Zot:5    | Noticed a Killer Klown
 73530 | Zot:5    | Killed a Killer Klown
 73561 | Zot:5    | Noticed an orb of fire
 73563 | Zot:5    | Reached XP level 25. HP: 198/210 MP: 34/52
 73565 | Zot:5    | Killed an orb of fire
 73818 | Zot:5    | Noticed an ancient lich
 73822 | Zot:5    | Killed an ancient lich
 74016 | Zot:5    | Got the Orb of Zot
 74053 | Zot:5    | Noticed an ancient lich
 74055 | Zot:5    | Killed an ancient lich
 74156 | Zot:1    | Noticed Maptudau the pandemonium lord
 74158 | Zot:1    | Killed Maptudau the pandemonium lord
 74317 | D:13     | Noticed Fiannoc the pandemonium lord
 74459 | D:6      | Noticed a seraph
 74460 | D:6      | Reached skill level 15 in Fighting
 74460 | D:6      | Reached skill level 15 in Dodging
 74462 | D:6      | Killed a seraph
 74547 | D:2      | Noticed Nacw the pandemonium lord
 74689 | D:1      | gg
 74690 | D:$      | Escaped with the Orb!

Illustrated notes

#...#...#...#.P.#.#
#...#...#...#P.P#.#
##'###'###'###'##.#
#...............#(#
#P.....##.......'.#
#...............###
##'###'###'###'##
#P..#...#...#..P#
#.P.#.@.#...#P(.#
#################


Turn 74689 on D:1: gg

Levels and vault maps discovered:
D:1:      dpeg_arrival_prison, layout_basic, serial_shops, shop,
          hangedman_decor_points, nicolae_kite_square_tiling_tiny,
          ebering_dispersal_statue_hall
D:2:      layout_loops_corners, basic_altar, uniq_robin
D:3:      layout_basic, uniq_natasha, uniq_terence
D:4:      layout_rooms, general_overflow_altar, nemelex_diamond_rough_becter,
          kennysheep_pointless_box, columned_hall_lemuel, uniq_menkaure
D:5:      layout_layer_cave, kennysheep_okawaru_gauntlet, minmay_misc_feat_iff,
          uniq_edmund
D:6:      minmay_inner_zag, layout_loops_ring, nicolae_wu_jian_wuxing_cycle,
          jmf_multi_god_temple2, minmay_temple_entry_junction
D:7:      layout_rooms, serial_shops, shop, shop, nicolae_shop_real_fake_doors,
          minmay_manual_monstrance
D:8:      layout_loops_ring, trog_book
D:9:      layout_irregular_city, grunt_gozag_breadcrumbs,
          chequers_temple_overflow_minitemple, orc_0_dummy
D:10:     layout_rooms, kennysheep_little_box, uniq_urug, uniq_erica,
          uniq_erolcha
D:11:     layout_loops_corners, erik_lair_island, serial_co_window_serial,
          co_window_paths_a, co_window_cross_1, co_window_paths_a,
          co_window_of_opportunity_a, co_window_paths_a, co_window_paths_a,
          co_window_paths_b, co_window_corner_b, co_window_broadway_c,
          co_window_unsneaky_path_e, co_window_of_opportunity_b,
          co_window_corner_cb, co_window_corner_b, co_window_paths_d,
          glass_columns_c, glass_columns_b, uniq_sonja, uniq_harold,
          uniq_gastronok
D:12:     hellmonk_destroyed_diamonds, layout_irregular_city,
          nicolae_sif_muna_condensation, uniq_lodul, uniq_kirke
D:13:     layout_basic
D:14:     layout_gridville, lightli_vaults_fourway_checkpoint
D:15:     grunt_enter_depths_magical_seal, layout_loops_cross,
          nicolae_trove_entry_crossroad, portal_ice_cave_entry_ice_statue_two,
          serial_ice, serial_ice_i, serial_ice_h, serial_ice_a, serial_ice_o,
          elyvilon_altar_5, drop_trap, grunt_dithmenos_shadows
Lair:1:   layout_cave_pods, nicolae_volcano_entry_two_sided
Lair:2:   beargit_carnivore_pack, layout_small_grid, elwin_shoals_entry_stream,
          spider_nest_entry_webs
Lair:3:   layout_loops_ring, serial_bayou_shore_b
Lair:4:   lemuel_reptile_caves, layout_misc_corridors,
          chequers_serial_rivers_large_b
Lair:5:   hangedman_lair_in_review, layout_long_grid, wormcave,
          dpeg_slime_entry_corner
Shoals:1: layout_shoals, serial_shops, nicolae_shop_crystal,
          nicolae_shop_waterfront, nicolae_shop_peninsula, shop
Shoals:2: nicolae_shoals_mermall, layout_shoals, argonaut_gorgonesque,
          uniq_mlioglotl
Shoals:3: layout_shoals, st_sunken_temple, uniq_mara
Shoals:4: shoals_end_simple, layout_shoals, nicolae_shoals_land_atoll
Spider:1: layout_spider_delve
Spider:2: layout_spider_delve
Spider:3: layout_spider_delve, nicolae_spider_swamp_cousins, uniq_arachne
Spider:4: spider_rune_water, uniq_agnes, uniq_bai_suzhen
Slime:1:  cheibrodos_slime_lost_civilization_1, layout_caves
Slime:2:  layout_caves, uniq_dissolution
Slime:3:  layout_caves
Slime:4:  layout_caves
Slime:5
Orc:1:    layout_diamond_mine
Orc:2:    hellmonk_orc_salted, layout_diamond_mine, basic_altar, uniq_josephine
Elf:1:    nicolae_elf_arrival_no_cutting_in_line, layout_geoelf_diagonals,
          basic_altar, minmay_elf_sorcery
Elf:2:    nicolae_elf_blades_crystal_corner, layout_loops_cross, uniq_roxanne
Elf:3:    minmay_elf_hall, layout_geoelf_diagonals, basic_altar,
          nicolae_fountain_basement
Vaults:1: infiniplex_enter_wizlab_water, vaults_room_mumra_shop_pool,
          nicolae_vaults_good_morning_starshine, nicolae_vaults_sesquioval_fish,
          nicolae_vaults_closet_pinwheel_6, nicolae_vaults_tangram_1, v_rooms_2,
          vaults_dpeg_ring, hangedman_vaults_trim, nicolae_vaults_tetromino_Z_1,
          layout_vaults_maze_snakey, serial_shops, nicolae_shop_hallway_plus
Vaults:2: nicolae_vaults_house_2, v_misc_8, minmay_crypt_entry_simple_plaza,
          vaults_mumra_hexcomb, nicolae_vaults_security_offices_1,
          nicolae_vaults_heist, v_misc_17, layout_vaults_omnigrid
Vaults:3: nicolae_vaults_shipping_containers_7, nicolae_vaults_tetromino_T_2,
          vaults_mumra_minichess_inversion, vaults_dpeg_doors,
          grunt_vaults_diagonal, nicolae_vaults_inception_scallops, v_pattern_2,
          v_misc_29, nicolae_vaults_six-pack, nicolae_vaults_surprise_closet,
          v_misc_22, nicolae_vaults_tetromino_Z_1, layout_vaults_ring,
          serial_shops, nicolae_shop_back_alley_shop
Vaults:4: v_misc_12, vaults_dpeg_spiral, v_misc_17, vaults_mumra_chevron,
          vaults_room_boxed, v_alt_pattern_2, grunt_vaults_funnel,
          nicolae_vaults_angled_halls, v_misc_5, nicolae_vaults_double_plus_1,
          layout_vaults_chaotic_city, uniq_sojobo
Depths:1: layout_basic, chequers_serial_rivers_micro_a, abyss_entry,
          hellmouth_3, special_room [special_room_morgue], tso_altar,
          grunt_megastairs_5, uniq_nikola
Depths:2: cheibrodos_hall_of_evolution, layout_cave_pools,
          grunt_hell_entry_dis_old, rand_demon_pan_entry_4,
          minmay_misc_feat_secret_circle, abyss_entry, kennysheep_cross_room,
          fedhas_altar_fruit_tree, uniq_vv
Depths:3: minmay_the_grid_3x3 [minmay_the_grid_expand,
          minmay_the_grid_minigrid_large, minmay_the_grid_plusring,
          minmay_the_grid_diamond_grid, minmay_the_grid_mess,
          minmay_the_grid_doors, minmay_the_grid_outer_circle,
          minmay_the_grid_tri_star, minmay_the_grid_prize_four_corners],
          layout_cave_pools, enter_ziggurat_f, nicolae_vehumet_altar_sigil,
          abyss_entry_glasseish, serial_shops, nicolae_diamond_shop, hell_entry,
          worldfamousw_hep_ancestral_shrine, uniq_parghit, uniq_xtahua
Depths:4: evilmike_zot_entry_argh, layout_gridlike,
          grunt_hell_entry_demonic_statue, minmay_misc_feat_alley
Zot:1:    layout_gridville
Zot:2:    layout_onion, hangedman_zot_spectrum
Zot:3:    hangedman_snap_crack_crunch, layout_cathedral_of_symmetry
Zot:4:    lemuel_halls_of_wrath, layout_misc_corridors
Zot:5:    layout_basic

Skill      XL: |  1  2  3  4  5  6  7  8  9 10 11 12 13 14 15 16 17 18 19 20 21 22 23 24 25 |
---------------+----------------------------------------------------------------------------+-----
Spellcasting   | 2 3 4 6 8 10 11 13 14 15 16 17 18 19 | 19.0
Conjurations   | 4 5 6 7 8 9 10 11 12 15 17 18 20 21 22 23 24 | 24.0
Fighting       | 1 2 4 5 7 8 10 11 14 15 | 15.2
Hexes          | 2 3 5 |  5.0
Translocations | 1 3 |  3.0
Dodging        | 4 6 7 10 11 14 15 | 15.2
Transmutations | 3 7 8 |  8.0
Evocations     | 3 5 6 |  6.0
Fire Magic     | 2 8 14 18 20 21 22 23 24 | 24.0
Stealth        | |  1.7

Action                     |  1- 3 |  4- 6 |  7- 9 | 10-12 | 13-15 | 16-18 | 19-21 | 22-24 | 25-27 || total
---------------------------+-------+-------+-------+-------+-------+-------+-------+-------+-------++-------
  Melee: Dagger            |    12 |     3 |    69 |   402 |   912 |       |       |       |       ||  1398
         Punch             |       |       |     1 |     7 |    19 |     3 |     2 |     1 |       ||    33
         Staff             |       |       |       |       |    25 |   213 |   114 |    55 |     3 ||   410
   Cast: Magic Dart        |    67 |    79 |   140 |   117 |     6 |       |       |       |       ||   409
         Searing Ray       |     5 |    11 |    36 |    11 |       |       |       |       |       ||    63
         Fulminant Prism   |       |       |    17 |    75 |    65 |     1 |       |       |       ||   158
         Dazzling Flash    |       |       |     4 |     8 |     4 |       |       |       |       ||    16
         Iskenderun's Myst |       |       |     7 |    50 |   122 |    48 |     2 |     7 |     1 ||   237
         Irradiate         |       |       |       |    41 |   146 |    73 |    35 |    28 |     4 ||   327
         Orb of Destructio |       |       |       |       |    82 |   434 |   420 |   223 |       ||  1159
         Starburst         |       |       |       |       |       |   121 |   194 |    42 |    12 ||   369
         Ignition          |       |       |       |       |       |       |     4 |    10 |       ||    14
         Fire Storm        |       |       |       |       |       |       |       |   245 |    29 ||   274
         Blink             |       |       |       |       |       |       |       |     4 |     1 ||     5
  Evoke: Wand              |       |       |       |     4 |     2 |     2 |     7 |     3 |       ||    18
         Lightning rod     |       |       |       |       |     1 |       |       |       |       ||     1
         Phial of floods   |       |       |       |       |       |       |     1 |       |       ||     1
    Use: Scroll            |     3 |     3 |    10 |     6 |    12 |     5 |     2 |     4 |     3 ||    48
         Potion            |       |       |       |     1 |     2 |     1 |     3 |    12 |    10 ||    29
   Stab: Sleeping          |       |       |     3 |     5 |     3 |       |     1 |       |       ||    12
         Invisible         |       |       |       |     1 |     2 |       |       |       |       ||     3
         Distracted        |       |       |       |       |     1 |       |       |       |       ||     1
 Armour: Robe              |     1 |     2 |     2 |       |       |       |       |    21 |     8 ||    34
         Leather armour    |       |       |    56 |   123 |       |       |       |       |       ||   179
         Troll leather arm |       |       |       |     5 |   342 |   192 |   108 |    59 |       ||   706
         Skin              |       |       |       |       |       |       |     4 |       |       ||     4
  Dodge: Dodged            |     7 |    20 |   120 |   671 |  1504 |   641 |   435 |   150 |    18 ||  3566

Table legend: (Time is in decaauts)
 A = Elapsed time spent in this place.
 B = Non-inter-level travel time spent in this place.
 C = Inter-level travel time spent in this place.
 D = Time resting spent in this place.
 E = Time spent auto-exploring this place.
 F = Levels seen in this place.
 G = Mean time per level.
                   A        B        C        D        E       F      G
               +--------+--------+--------+--------+--------+-----+--------+
         Total |  74975 |  68446 |   6529 |  20536 |  29365 |  55 | 1363.2 |
       Dungeon |  20539 |  17797 |   2742 |   4108 |   8677 |  15 | 1369.3 |
          Lair |   8865 |   7932 |    933 |   2449 |   3575 |   5 | 1773.0 |
        Shoals |   5200 |   4878 |    322 |   1314 |   2270 |   4 | 1300.0 |
   Spider Nest |   5887 |   5505 |    382 |   1879 |   2057 |   4 | 1471.8 |
    Slime Pits |   1541 |   1472 |     69 |    528 |    361 |   5 |  308.2 |
  Orcish Mines |   2167 |   1902 |    265 |    477 |    818 |   2 | 1083.5 |
   Elven Halls |   4103 |   3915 |    188 |   1002 |   1699 |   3 | 1367.7 |
        Vaults |   6592 |   6268 |    324 |   1515 |   3355 |   4 | 1648.0 |
        Depths |   8553 |   7611 |    942 |   2459 |   3337 |   4 | 2138.2 |
           Zot |   8135 |   7777 |    358 |   3744 |   2572 |   5 | 1627.0 |
         Trove |     80 |     80 |      0 |      0 |      0 |   1 |   80.0 |
      Ice Cave |   1153 |   1153 |      0 |    285 |    250 |   1 | 1153.0 |
       Volcano |   1052 |   1052 |      0 |    522 |     95 |   1 | 1052.0 |
        Wizlab |   1100 |   1100 |      0 |    254 |    299 |   1 | 1100.0 |
               +--------+--------+--------+--------+--------+-----+--------+

Top non-repeatable levels by time:
  Lair:5: 3425 daAuts
Depths:1: 2598 daAuts
    D:11: 2526 daAuts
Depths:4: 2214 daAuts
   Elf:3: 2152 daAuts
   Zot:5: 2119 daAuts
Vaults:2: 2096 daAuts
    D:15: 1998 daAuts
Depths:2: 1997 daAuts
Spider:1: 1948 daAuts
   Zot:1: 1753 daAuts
Depths:3: 1742 daAuts
     D:5: 1721 daAuts
   Orc:2: 1692 daAuts
  Lair:2: 1652 daAuts
